 Dungeon Crawl Stone Soup version 0.29.1-13-g9f3cf754e1 (webtiles) character file.

Game seed: 9937567159761943967

344 BeingJoeMalik the Poker (level 6, -1/56 HPs)
             Began as a Naga Fighter on Feb 7, 2023.
             Was an Initiate of Hepliaklqana.
             Slain by an orc
             ... wielding a +0 club
              (2 damage)
             ... on level 5 of the Dungeon.
             The game lasted 00:07:33 (4875 turns).

BeingJoeMalik the Poker (Naga Fighter)              Turns: 4875, Time: 00:07:33

Health: -1/56      AC:  4    Str: 18    XL:     6   Next: 58%
Magic:  6/6        EV:  8    Int: 17    God:    Hepliaklqana [......]
Gold:   117        SH:  5    Dex: 10    Spells: 4/5 levels left

rFire   . . .      SeeInvis +   a - +1 trident
rCold   . . .      Faith    .   c - +1 buckler
rNeg    . . .      Spirit   .   y - +1 leather armour {rPois}
rPois   +          Reflect  .   (no helmet)
rElec   .          Harm     .   (no cloak)
rCorr   .          Rampage  .   (no gloves)
Will    .....                   (no barding)
Stlth   +.........              (no amulet)
HPRegen 0.18/turn               r - +6 ring of intelligence
MPRegen 0.10/turn               (no ring)

@: mighty, very slow
A: AC +2, large, see invisible, deformed body, poison resistance, slowness 2,
spit poison 1, naga tail 1
a: Spit Poison, Renounce Religion


You were on level 5 of the Dungeon.
You worshipped Hepliaklqana.
Hepliaklqana was noncommittal.
You visited 2 branches of the dungeon, and saw 6 of its levels.

You collected 117 gold pieces.

Inventory:

Hand Weapons
 a - a +1 trident (weapon)
Armour
 c - a +1 buckler (worn)
 y - a +1 leather armour of poison resistance (worn)
Jewellery
 r - a +6 ring of intelligence (left hand)
Scrolls
 b - a scroll of magic mapping
 i - a scroll of enchant armour
 k - 2 scrolls of immolation
 l - 3 scrolls of teleportation
Potions
 d - a potion of might
 f - a potion of heal wounds {unknown}
 h - 2 potions of haste {unknown}
 j - a potion of curing
 n - 2 potions of flight {unknown}
 o - a potion of degeneration
 q - a potion of invisibility
 s - a potion of ambrosia
 t - a potion of attraction {unknown}
 w - a potion of experience {unknown}
 z - a potion of resistance {unknown}
 A - a potion of berserk rage {unknown}


   Skills:
 - Level 3.0 Fighting
 + Level 6.5 Polearms
 - Level 2.4 Armour
 + Level 3.2 Shields


You had 4 spell levels left.
You knew the following spells:

 Your Spells              Type           Power      Damage    Failure   Level
a - Necrotise             Necr           0%         1d4       34%         1

Your spell library contained the following spells:

 Spells                   Type           Power      Damage    Failure   Level
 Sting                    Tmut/Pois      0%         1d3       34%         1
 Ensorcelled Hibernation  Hex/Ice        0%         N/A       45%         2
 Passwall                 Tmut/Erth      0%         N/A       45%         2
 Poisonous Vapours        Pois/Air       0%         N/A       45%         2
 Swiftness                Air            0%         N/A       71%         3
 Vampiric Draining        Necr           0%         2d6       71%         3
 Olgreb's Toxic Radiance  Pois           0%         N/A       98%         4
 Agony                    Necr           0%         N/A       100%        5


Dungeon Overview and Level Annotations

Branches:
Dungeon (5/15)             Temple (1/1) D:4

Altars:
Cheibriados
Elyvilon
Fedhas
Hepliaklqana
Kikubaaqudgha
Makhleb
Nemelex Xobeh
Okawaru
Qazlal
Ru
Sif Muna
Vehumet
Zin

Shops:
D:4 ?

Annotations:
D:4 3 runed translucent doors, y3s's ghost, amateur MiGl


Innate Abilities, Weirdness & Mutations

Your serpentine skin is tough. (AC +2)
You have supernaturally acute eyesight. (SInv)
Armour fits poorly on your strangely shaped body.
Your system is resistant to poisons. (rPois)
You cover ground very slowly.
You can spit poison.
You have a snake-like lower body.


Message History

The orc barely misses you.
You puncture the orc!
You kill the orc!
You feel sick.
You barely miss the orc wizard.
You feel sick. You block the orc wizard's attack.
You puncture the orc wizard!
The orc wizard is almost dead.
You feel sick. The orc wizard casts a spell at you. The puff of flame hits you.
* * * LOW HITPOINT WARNING * * *
You closely miss the orc wizard.
The orc wizard is almost dead.
You feel sick.
The orc wizard gestures at you while chanting.
The magic dart hits you!
* * * LOW HITPOINT WARNING * * *
An orc priest comes into view. It is wielding a +0 whip.
The orc wizard attacks as you move away!
The orc wizard hits you but does no damage.
* * * LOW HITPOINT WARNING * * *
You feel sick.
The orc priest shouts!
The orc wizard attacks as you move away!
The orc wizard hits you but does no damage.
* * * LOW HITPOINT WARNING * * *
You feel sick.
You are no longer poisoned.
The orc wizard gestures wildly while chanting.
The orc wizard flickers and vanishes for a moment.
Reach: a) +1 trident
Press: ? - help, Dir - move target, f - orc
Aim: an orc, wielding a +0 club (about 40% to evade your +1 trident)
You reach to attack!
You hit the orc.
The orc is heavily wounded.
You closely miss the orc.
The orc is heavily wounded.
The orc hits you with a +0 club.
You die...

## #.. .# #.# .# #.#
.########## #.#
..........# #.#
...######.####.###
........†........#
.#.##.#.#.##.###.#####.#
.#.##.#......# #@......#
.#.##.###.##.###o#######
.#.#.#....o...o..# #...#
#.#.###.#### ..# #. #.#
#.# ..# . #.# #.# ##..
o.# ##


You could see an orc.

Vanquished Creatures
  A water moccasin (D:5)
  A scorpion (D:4)
  Jessica (D:3)
  Terence (D:3)
  An iguana (D:5)
  6 adders
  A dart slug (D:3)
  An orc (D:5)
  2 bats
  7 endoplasms
  4 giant cockroaches
  3 goblins
  6 hobgoblins
  4 quokkas
  6 ball pythons
  2 frilled lizards (D:1)
  6 kobolds
  2 rats (D:1)
  A spectral goblin (D:1)
56 creatures vanquished.

Vanquished Creatures (others)
  A demonic plant (D:4)
  4 plants (D:4)
5 creatures vanquished.

Grand Total: 61 creatures vanquished

Notes
Turn   | Place    | Note
-------+----------+-------------------------------------------
     0 | D:1      | BeingJoeMalik the Naga Fighter began the quest for the Orb.
     0 | D:1      | Reached XP level 1. HP: 21/21 MP: 1/1
   146 | D:1      | Reached XP level 2. HP: 24/28 MP: 2/2
   375 | D:1      | Reached skill level 3 in Polearms
   392 | D:1      | Found a faded altar of an unknown god.
  1062 | D:2      | Reached XP level 3. HP: 22/34 MP: 3/3
  1289 | D:2      | Learned a level 1 spell: Necrotise
  1683 | D:2      | Reached skill level 4 in Polearms
  1984 | D:2      | Reached XP level 4. HP: 29/42 MP: 4/4
  2686 | D:3      | Noticed Jessica
  2698 | D:3      | Killed Jessica
  2894 | D:3      | Noticed Terence
  2903 | D:3      | Killed Terence
  2904 | D:3      | Reached XP level 5. HP: 37/49 MP: 5/5
  3146 | D:3      | Reached skill level 5 in Polearms
  3466 | D:4      | Found a staircase to the Ecumenical Temple.
  3475 | Temple   | Entered the Ecumenical Temple
  3906 | Temple   | Became a worshipper of Hepliaklqana the Forgotten
  4182 | D:4      | Found a snail-covered altar of Cheibriados.
  4366 | D:4      | Found a runed translucent gate.
  4405 | D:4      | Found a runed translucent gate.
  4407 | D:4      | Found a runed translucent gate.
  4408 | D:4      | Identified the +8 spear "Ryruim" {speed, Int+7}
  4408 | D:4      | Noticed y3s's ghost (amateur MiGl)
  4413 | D:4      | Found Rubb's Magic Scroll Emporium.
  4780 | D:5      | Entered Level 5 of the Dungeon
  4796 | D:5      | Reached XP level 6. HP: 48/56 MP: 6/6
  4854 | D:5      | Noticed a water moccasin
  4865 | D:5      | Killed a water moccasin
  4866 | D:5      | Reached skill level 6 in Polearms
  4872 | D:5      | HP: 2/56 [poisoned by a water moccasin]
  4875 | D:5      | Slain by an orc

Illustrated notes

Levels and vault maps discovered:
D:1:      lightli_arrival_windingriver, layout_basic,
          dreamdust_ecumenical_altar_drowned_temple
D:2:      layout_basic, serial_forest, infiniplex_forest_lined_4_way,
          infiniplex_forest_clump_small, infiniplex_forest_lined_4_way,
          infiniplex_forest_lined_3_way, infiniplex_forest_end_1,
          infiniplex_forest_clump_diagonal, infiniplex_forest_zigzag_1,
          infiniplex_forest_join, minivault_5
D:3:      layout_basic, minmay_misc_feat_more_columns,
          kennysheep_generic_room_8, uniq_jessica, uniq_terence
D:4:      layout_gridville, mainiacjoe_overflow_small_starburst,
          minmay_temple_entry_gardened_gates, biasface_ghost_orc_armoury,
          serial_shops, shop, amethyst_killhole, dreamdust_princess_corridor
D:5:      layout_loops_ring, minmay_overflow_temple_star_quad, xom_redecorated,
          ebering_ghost_sewer_d, minmay_pentangle
Temple:   minmay_temple_forest_path

Skill      XL: |  1  2  3  4  5  6 |
---------------+-------------------+-----
Polearms       | 3 4 5 6 |  6.5
Shields        | 3 |  3.2
Fighting       | |  3.0
Armour         | |  2.4

Action                   |  1- 3 |  4- 6 || total
-------------------------+-------+-------++-------
Melee: Trident           |    76 |   122 ||   198
 Cast: Necrotise         |       |     1 ||     1
 Abil: Spit Poison       |     4 |     9 ||    13
  Use: Scroll            |       |    14 ||    14
       Potion            |       |     2 ||     2
 Stab: Sleeping          |       |     1 ||     1
Armor: Scale mail        |    22 |     6 ||    28
       Leather armour    |       |    21 ||    21
Dodge: Dodged            |    22 |    40 ||    62
Block: Buckler           |     7 |    16 ||    23
